Map: Frost LE

Players

Rail

  • Race: Protoss Protoss

LiquidTLO (TLO) - Winner!

  • Race: Zerg Zerg
  • League: Master

Event: DreamHack ZOWIE Open Valencia 2016

VOD

Have the link to the VOD?

Description

Time

  • Played on: July 15, 2016, 3:52 a.m.
  • Length: 9:28

All games in this series

Show
View Real Time Build Order
Export as new Build Order

Rail Protoss 

Build Orders: 1 Gate Expand 

Get SALT Encoding   

  12  0:01  Probe (Chrono Boost)  
  13  0:11  Probe (Chrono Boost)  
  14  0:17  Pylon  
  14  0:22  Probe (Chrono Boost)  
  15  0:36  Probe (Chrono Boost), Gateway  
  15  0:42  Assimilator  
  16  0:46  Probe (Chrono Boost)  
  18  0:57  Probe (Chrono Boost)  
  18  1:09  Probe (Chrono Boost)  
  19  1:19  Nexus  
  19  1:28  Cybernetics Core  
  19  1:32  Probe (Chrono Boost)  
  20  1:37  Assimilator  
  20  1:42  Probe (Chrono Boost)  
  21  1:48  Pylon  
  21  1:53  Probe (Chrono Boost)  
  22  2:03  Adept  
  22  2:05  Probe (Chrono Boost)  
  25  2:11  Twilight Council  
  26  2:17  Probe (Chrono Boost)  
  26  2:18  Warp Gate  
  26  2:28  Adept  
  26  2:31  Probe (Chrono Boost)  
  26  2:32  Probe (Chrono Boost)  
  29  2:41  Probe (Chrono Boost)  
  30  2:46  Probe (Chrono Boost)  
  30  2:48  Resonating Glaives  
  31  2:53  Probe (Chrono Boost)  
  31  2:56  Adept  
  31  2:57  Probe (Chrono Boost)  
  35  3:02  Gateway  
  35  3:06  Probe (Chrono Boost)  
  35  3:08  Probe (Chrono Boost)  
  37  3:16  Probe (Chrono Boost)  
  37  3:18  Probe (Chrono Boost)  
  39  3:22  Gateway  
  40  3:27  Probe (Chrono Boost)  
  40  3:30  Pylon  
  40  3:31  Adept  
  44  3:35  Mothership Core (Chrono Boost)  
  44  3:38  Probe (Chrono Boost)  
  44  3:41  Pylon  
  45  3:49  Probe (Chrono Boost)  
  45  3:53  Probe (Chrono Boost)  
  47  3:59  Probe (Chrono Boost)  
  48  4:03  Nexus  
  48  4:05  Pylon  
  48  4:09  Probe (Chrono Boost)  
  49  4:15  Probe (Chrono Boost)  
  50  4:19  Probe (Chrono Boost)  
  50  4:21  Adept x3  
  57  4:28  Robotics Facility  
  57  4:31  Probe (Chrono Boost)  
  58  4:32  Probe (Chrono Boost)  
  58  4:36  Assimilator  
  59  4:40  Assimilator  
  59  4:41  Sentry  
  59  4:42  Adept  
  59  4:44  Adept  
  65  4:47  Probe (Chrono Boost)  
  65  4:49  Probe (Chrono Boost)  
  65  4:51  Pylon  
  67  4:59  Pylon  
  67  5:03  Adept  
  67  5:05  Probe (Chrono Boost)  
  70  5:08  Pylon  
  70  5:09  Probe (Chrono Boost)  
  70  5:13  Forge  
  71  5:18  Warp Prism, Probe (Chrono Boost)  
  74  5:23  Robotics Facility  
  74  5:25  Probe (Chrono Boost)  
  74  5:27  Probe (Chrono Boost)  
  76  5:29  Probe (Chrono Boost)  
  76  5:30  Protoss Ground Weapons Level 1  
  76  5:33  Sentry x2  
  76  5:34  Sentry  
  83  5:37  Probe (Chrono Boost)  
  83  5:39  Probe (Chrono Boost)  
  83  5:41  Pylon  
  85  5:49  Photon Cannon  
  85  5:51  Observer, Probe (Chrono Boost)  
  85  5:56  Probe (Chrono Boost)  
  74  5:58  Adept x2  
  74  6:03  Probe (Chrono Boost)  
  77  6:05  Adept  
  77  6:06  Immortal  
  77  6:07  Probe (Chrono Boost)  
  77  6:08  Probe (Chrono Boost)  
  85  6:12  Immortal  
  85  6:17  Probe (Chrono Boost)  
  90  6:21  Probe (Chrono Boost)  
  91  6:27  Gateway x2  
  91  6:29  Sentry  
  91  6:30  Probe (Chrono Boost)  
  91  6:31  Sentry, Probe (Chrono Boost)  
  91  6:32  Sentry  
  99  6:36  Assimilator  
  99  6:38  Assimilator  
  99  6:41  Pylon, Immortal  
  99  6:46  Immortal  
  107  6:54  Adept x2  
  107  7:00  Adept  
  114  7:03  Probe x2 (Chrono Boost)  
  114  7:08  Pylon, Protoss Ground Weapons Level 2  
  115  7:19  Immortal  
  115  7:20  Immortal  
  111  7:28  Stalker x2, Adept  
  125  7:33  Sentry, Probe x2 (Chrono Boost), Gateway  
  125  7:35  Pylon  
  129  7:38  Sentry  
  129  7:42  Gateway  
  131  7:48  Pylon  
  131  7:49  Pylon  
  131  7:50  Pylon  
  131  7:52  Sentry  
  131  7:53  Stalker, Sentry  
  138  8:00  Stalker  
  138  8:01  Immortal  
  139  8:07  Immortal  
  139  8:11  Adept  
  135  8:16  Adept x3  
  105  8:39  Sentry x2  
  105  8:40  Zealot x3  
  107  8:41  Immortal  
  105  8:51  Gateway  
  105  8:54  Stalker, Sentry  
  108  9:11  Sentry, Zealot  
  108  9:12  Adept x2, Zealot  
  110  9:20  Stalker x2  
Show
View Real Time Build Order
Export as new Build Order

LiquidTLO Zerg - Winner!

Build Orders: Hatch First, Muta Ling Bane 

Get SALT Encoding   

  12  0:01  Drone  
  13  0:13  Overlord  
  13  0:18  Drone  
  14  0:31  Drone  
  14  0:32  Drone  
  16  0:37  Drone  
  17  0:52  Hatchery  
  17  0:55  Drone  
  17  0:58  Drone  
  17  1:03  Extractor  
  17  1:14  Spawning Pool  
  17  1:16  Drone  
  17  1:20  Drone  
  18  1:28  Drone  
  19  1:39  Overlord  
  19  2:00  Zergling x2  
  19  2:01  Queen  
  20  2:03  Metabolic Boost  
  20  2:04  Queen  
  20  2:06  Drone  
  20  2:08  Drone  
  26  2:11  Drone  
  26  2:15  Drone  
  28  2:28  Drone  
  28  2:29  Drone  
  30  2:34  Drone  
  30  2:36  Queen  
  31  2:38  Overlord  
  31  2:43  Drone  
  34  2:48  Drone  
  35  2:56  Hatchery  
  34  3:00  Drone  
  34  3:01  Evolution Chamber  
  34  3:08  Drone, Spore Crawler  
  34  3:12  Drone  
  34  3:13  Drone  
  34  3:15  Drone x2  
  34  3:19  Drone  
  39  3:27  Zerg Melee Weapons Level 1  
  39  3:28  Drone  
  39  3:29  Drone  
  39  3:30  Drone  
  39  3:32  Drone  
  43  3:35  Overlord  
  43  3:41  Baneling Nest  
  42  3:44  Zergling x2  
  42  3:48  Zergling x2  
  44  3:50  Overlord  
  44  3:52  Overlord  
  44  3:54  Overlord  
  44  3:56  Zergling x2  
  44  3:57  Zergling x2  
  44  3:59  Zergling x2  
  44  4:00  Zergling x2  
  48  4:03  Zergling x2  
  48  4:06  Zergling x2  
  48  4:09  Zergling x2  
  51  4:12  Zergling x2  
  51  4:14  Drone  
  53  4:20  Overlord  
  53  4:23  Drone x3  
  53  4:24  Drone x4  
  59  4:28  Baneling  
  60  4:32  Drone, Baneling  
  60  4:33  Drone  
  60  4:36  Lair, Drone  
  63  4:39  Drone  
  63  4:41  Drone, Spore Crawler  
  64  4:46  Drone  
  64  4:49  Drone  
  64  4:50  Drone x3  
  64  4:52  Evolution Chamber, Drone x2  
  70  4:54  Baneling x2  
  70  4:56  Zergling x2  
  70  4:58  Zergling x2  
  70  4:59  Spore Crawler  
  71  5:01  Zergling x4  
  71  5:02  Zergling x2  
  71  5:06  Zergling x4  
  75  5:07  Zergling x2, Baneling  
  75  5:09  Zergling x2  
  75  5:12  Extractor  
  75  5:13  Zergling x2  
  77  5:18  Drone  
  77  5:20  Zergling x8  
  82  5:27  Drone  
  83  5:28  Spine Crawler  
  83  5:30  Drone  
  83  5:32  Drone  
  83  5:33  Drone  
  86  5:35  Drone  
  86  5:39  Extractor, Zerg Melee Weapons Level 2  
  85  5:43  Drone x2  
  85  5:44  Drone x3  
  85  5:49  Drone  
  86  5:50  Drone x2  
  86  5:52  Hatchery  
  86  5:54  Extractor  
  79  6:00  Overlord x2  
  79  6:03  Extractor x2, Overlord  
  75  6:07  Zerg Ground Armor Level 1  
  75  6:08  Queen x2  
  75  6:10  Zergling x2  
  80  6:18  Zergling x2  
  80  6:19  Zergling x2  
  80  6:20  Zergling x2  
  80  6:21  Drone  
  80  6:22  Drone x2  
  86  6:27  Drone  
  86  6:28  Drone  
  86  6:29  Zergling x2  
  86  6:30  Zergling x4  
  86  6:31  Zergling x2  
  86  6:32  Zergling x2  
  93  6:34  Overseer  
  93  6:35  Zergling x2  
  93  6:36  Overlord  
  93  6:37  Centrifical Hooks  
  93  6:38  Drone  
  93  6:39  Drone x4  
  99  6:41  Drone  
  99  6:42  Drone  
  99  6:45  Drone  
  99  6:46  Spire  
  101  6:51  Drone x2  
  101  6:52  Drone x2  
  101  6:53  Zergling x2  
  106  6:57  Zergling x2  
  106  7:01  Queen x2  
  107  7:03  Zergling x2, Queen  
  107  7:04  Zergling x2  
  107  7:05  Zergling x2, Drone  
  107  7:07  Zergling x2  
  107  7:08  Zergling x2  
  119  7:15  Zergling x4  
  119  7:17  Zergling x4  
  119  7:19  Zergling x4  
  119  7:20  Zergling x2  
  119  7:21  Zergling x2  
  121  7:23  Zergling x4  
  121  7:25  Pneumatized Carapace  
  121  7:28  Zergling x4  
  121  7:29  Zergling x4  
  127  7:33  Overlord  
  127  7:35  Overlord x3  
  127  7:42  Overlord  
  127  7:43  Overlord x2  
  127  7:46  Overlord  
  127  7:47  Baneling  
  127  7:48  Baneling x8  
  127  7:49  Overlord  
  127  7:50  Zergling x2  
  128  7:52  Zergling x2  
  128  7:53  Zergling x4  
  128  7:54  Zergling x2  
  128  7:57  Zergling x6  
  136  7:58  Zergling x4  
  136  8:01  Zergling x2  
  136  8:02  Zergling x2  
  136  8:05  Zergling x6  
  139  8:07  Zergling x2  
  139  8:08  Zergling x2  
  139  8:12  Zergling x2  
  137  8:13  Zergling x6  
  137  8:17  Zergling x4  
  137  8:19  Baneling x4  
  142  8:22  Zergling x4  
  142  8:24  Zergling x8  
  137  8:31  Zergling x4  
  137  8:32  Zergling x4  
  137  8:33  Mutalisk x4  
  130  8:35  Mutalisk  
  130  8:41  Mutalisk, Extractor  
  135  8:42  Mutalisk, Extractor  
  135  8:43  Mutalisk  
  135  8:45  Mutalisk  
  135  8:48  Mutalisk  
  140  8:49  Mutalisk  
  140  8:54  Zergling x2  
  145  8:57  Mutalisk  
  145  8:58  Mutalisk  
  145  8:59  Mutalisk  
  145  9:01  Mutalisk  
  153  9:04  Mutalisk  

Tags
 
Add a new tag
Caveats
  • Supply blocks, unpowered buildings, or Contaminate may cause inaccurate times.
  • Supply counts are checked every 10 seconds.